Map: Frost LE

Players

LiquidVortiX (Vortix)

  • Race: Zerg Zerg
  • League: Master

Reynor - Winner!

  • Race: Zerg Zerg
  • League: Master

Event: DreamHack ZOWIE Open Valencia 2016

VOD

Have the link to the VOD?

Description

Time

  • Played on: July 15, 2016, 11:39 a.m.
  • Length: 11:49

All games in this series

Show
View Real Time Build Order
Export as new Build Order

LiquidVortiX Zerg 

Build Orders: Hatch First 

Get SALT Encoding   

  12  0:01  Drone  
  13  0:12  Overlord  
  13  0:17  Drone  
  14  0:30  Drone x2  
  14  0:34  Drone  
  17  0:52  Hatchery  
  17  0:55  Drone  
  17  0:58  Drone  
  18  1:09  Extractor  
  17  1:13  Spawning Pool  
  17  1:16  Drone  
  17  1:20  Drone  
  18  1:30  Drone  
  19  1:39  Overlord  
  19  1:59  Queen  
  19  2:00  Zergling x4  
  23  2:03  Queen  
  23  2:04  Zergling x2  
  26  2:09  Metabolic Boost  
  26  2:12  Drone  
  27  2:16  Drone  
  27  2:21  Zergling x2  
  29  2:30  Baneling Nest  
  28  2:38  Drone  
  28  2:39  Drone  
  30  2:51  Overlord  
  30  2:53  Drone x2  
  31  3:07  Zergling x10  
  36  3:16  Baneling x2  
  36  3:18  Drone  
  36  3:19  Drone x5  
  42  3:42  Drone x3, Hatchery  
  42  3:47  Overlord  
  44  3:51  Roach Warren  
  44  3:52  Extractor  
  42  3:57  Drone x2  
  42  4:01  Overlord  
  44  4:13  Drone x4  
  48  4:18  Overlord  
  48  4:19  Overlord  
  48  4:22  Hatchery  
  47  4:32  Roach x4  
  47  4:34  Baneling x2  
  47  4:36  Roach  
  47  4:38  Roach  
  59  4:42  Roach  
  59  4:44  Roach  
  63  4:51  Roach x2  
  67  4:56  Roach  
  67  4:57  Roach x2  
  73  5:00  Overlord  
  73  5:05  Overlord  
  73  5:08  Zergling x4  
  73  5:12  Zergling x2  
  75  5:19  Zergling x2  
  75  5:21  Zergling x2  
  76  5:28  Zergling x4  
  76  5:29  Zergling x8  
  76  5:32  Zergling x2  
  69  5:50  Zergling x10  
  69  5:54  Zergling x2  
  71  6:01  Zergling x4  
  71  6:05  Zergling x2  
  72  6:15  Baneling x7  
  72  6:22  Zergling x12  
  72  6:24  Roach  
  72  6:25  Roach x3  
  65  6:36  Queen  
  65  6:37  Evolution Chamber  
  62  6:43  Drone x6  
  62  6:44  Drone x2  
  62  6:45  Lair  
  70  6:51  Roach x2  
  74  6:55  Extractor  
  74  6:58  Roach x2  
  77  7:07  Roach x2  
  77  7:08  Roach x3  
  86  7:12  Roach x3  
  87  7:18  Roach  
  87  7:26  Roach, Zerg Missile Weapons Level 1  
  87  7:27  Roach x2  
  87  7:29  Overlord  
  93  7:31  Overlord  
  93  7:36  Roach x2  
  97  7:42  Overlord  
  97  7:45  Glial Reconstitution  
  97  7:55  Drone x2  
  97  7:56  Drone x4  
  97  7:57  Overseer  
  103  8:10  Roach x3  
  103  8:11  Roach x2  
  105  8:23  Roach x4  
  113  8:32  Roach x3  
  116  8:39  Roach x2  
  120  8:41  Overlord  
  120  8:43  Overlord  
  120  8:49  Overlord  
  120  9:00  Roach  
  120  9:01  Roach x4  
  130  9:07  Roach x2  
  134  9:10  Roach  
  134  9:11  Roach  
  102  9:45  Drone  
  101  9:46  Drone x9  
  110  10:01  Drone x2  
  110  10:02  Drone  
  103  10:19  Queen  
  103  10:21  Roach  
  103  10:22  Roach x6  
  103  10:26  Roach  
  117  10:30  Roach  
  117  10:35  Roach  
  117  10:42  Roach x3  
  123  10:45  Roach  
  123  10:48  Roach  
  127  10:53  Roach  
  129  10:58  Roach x2  
  127  11:09  Roach x3  
  129  11:13  Roach  
  129  11:17  Roach  
  133  11:21  Overlord  
  133  11:30  Overlord x2  
Show
View Real Time Build Order
Export as new Build Order

Reynor Zerg - Winner!

Build Orders: Pool First 

Get SALT Encoding   

  12  0:00  Drone  
  13  0:13  Overlord  
  13  0:17  Drone  
  14  0:22  Extractor  
  14  0:23  Drone  
  15  0:31  Drone  
  15  0:34  Drone  
  17  0:47  Spawning Pool  
  17  0:48  Drone  
  17  0:52  Extractor  
  17  0:56  Drone  
  17  1:07  Drone  
  18  1:24  Hatchery  
  17  1:34  Queen  
  17  1:36  Zergling x2  
  20  1:42  Overlord  
  20  1:46  Drone  
  21  1:50  Zergling x2  
  22  1:56  Metabolic Boost  
  22  2:09  Queen  
  22  2:14  Drone  
  25  2:26  Drone x2  
  27  2:35  Zergling x2  
  28  2:37  Drone, Queen  
  28  2:41  Zergling x4  
  28  2:44  Drone  
  34  2:52  Baneling Nest  
  34  2:55  Overlord  
  33  3:03  Drone x2  
  35  3:06  Drone  
  36  3:13  Overlord  
  36  3:14  Zergling x2  
  36  3:18  Drone  
  38  3:22  Zergling x2, Drone  
  38  3:25  Drone  
  41  3:30  Zergling x2  
  42  3:35  Zergling x2  
  42  3:36  Overlord  
  42  3:37  Zergling x2  
  42  3:40  Baneling x2  
  42  3:41  Baneling x2  
  44  3:48  Zergling x2  
  44  3:50  Drone  
  44  3:52  Drone x3  
  48  4:01  Zergling x2  
  48  4:02  Drone x3  
  51  4:03  Zergling x2  
  51  4:04  Drone  
  53  4:10  Overlord  
  53  4:19  Zergling x8  
  57  4:26  Zergling x4  
  57  4:30  Zergling x2, Hatchery  
  59  4:34  Baneling  
  59  4:36  Baneling  
  59  4:37  Zergling x2  
  60  4:40  Zergling x2  
  60  4:41  Zergling x2  
  60  4:42  Zergling x2  
  63  4:45  Drone  
  63  4:46  Drone  
  63  4:49  Drone  
  63  4:51  Extractor  
  64  4:53  Extractor  
  64  4:55  Drone  
  64  4:56  Drone  
  64  4:58  Overlord  
  65  5:00  Drone  
  66  5:08  Spine Crawler  
  66  5:09  Spine Crawler  
  66  5:10  Zergling x2  
  66  5:12  Overlord  
  67  5:16  Queen  
  67  5:19  Roach Warren  
  67  5:21  Zergling x2  
  67  5:22  Zergling x2  
  67  5:26  Zergling x6  
  69  5:28  Zergling x2  
  69  5:31  Zergling x4  
  69  5:36  Zergling x2  
  69  5:38  Zergling x2  
  69  5:39  Baneling x2  
  69  5:40  Baneling x2  
  69  5:45  Zergling x2  
  66  5:50  Zergling x2  
  66  5:52  Zergling x2  
  66  5:54  Zergling x4  
  60  5:59  Roach x2  
  60  6:01  Roach x2  
  60  6:03  Roach, Queen  
  67  6:09  Baneling  
  71  6:11  Roach x2  
  71  6:14  Zergling x2  
  71  6:22  Roach  
  71  6:23  Zergling x4  
  69  6:29  Zergling x4  
  69  6:30  Zergling x2  
  70  6:34  Roach  
  70  6:35  Zergling x4  
  70  6:36  Zergling x2, Roach  
  70  6:37  Drone  
  70  6:39  Extractor  
  74  6:40  Extractor  
  74  6:44  Drone  
  74  6:47  Zergling x2  
  74  6:48  Zergling x2, Baneling  
  74  6:50  Drone x3, Extractor  
  74  6:52  Queen  
  74  6:53  Evolution Chamber  
  80  6:56  Roach  
  80  7:01  Zergling x4  
  83  7:08  Drone  
  84  7:10  Drone  
  84  7:12  Drone  
  85  7:19  Zergling x8  
  86  7:26  Zergling x4  
  88  7:31  Zergling x2  
  88  7:33  Overlord x3  
  88  7:36  Overlord  
  89  7:43  Zerg Missile Weapons Level 1  
  90  7:51  Zergling x2  
  90  7:52  Zergling x10  
  90  7:53  Zergling x2  
  90  7:56  Ravager x3  
  99  8:01  Zergling x6  
  99  8:02  Zergling x2  
  99  8:05  Drone x3  
  105  8:06  Drone  
  105  8:10  Baneling x2  
  105  8:11  Zergling x6  
  106  8:16  Lair  
  106  8:19  Extractor  
  101  8:35  Roach x7  
  101  8:38  Drone x3  
  101  8:39  Drone  
  119  8:42  Roach  
  119  8:47  Overlord  
  121  8:50  Overlord x2  
  121  8:53  Overlord  
  121  9:04  Overlord  
  121  9:06  Roach x3  
  121  9:07  Roach  
  129  9:10  Roach x2  
  129  9:15  Roach x2  
  137  9:18  Roach  
  137  9:20  Roach  
  137  9:21  Roach  
  137  9:22  Zergling x2  
  141  9:26  Roach x2  
  141  9:28  Zergling x2  
  140  9:37  Roach x4, Zergling x2  
  132  9:39  Roach  
  132  9:43  Roach  
  131  9:46  Roach x2  
  131  9:48  Ravager x2  
  139  9:52  Roach  
  139  9:57  Roach x2  
  143  10:00  Glial Reconstitution  
  143  10:03  Extractor  
  143  10:07  Roach x2  
  146  10:14  Roach x2  
  145  10:18  Roach x2  
  144  10:25  Roach  
  138  10:29  Roach  
  138  10:33  Roach x2  
  138  10:35  Roach x5  
  154  10:40  Roach x2  
  154  10:41  Overlord x2  
  158  10:46  Roach x2  
  162  10:51  Overlord  
  162  10:57  Overlord  
  162  11:01  Roach x2  
  164  11:07  Roach  
  164  11:10  Roach x4  
  172  11:14  Roach x2  
  172  11:17  Roach  
  172  11:18  Roach  
  180  11:21  Roach  
  180  11:24  Roach x2  

Tags
 
Add a new tag
Caveats
  • Supply blocks, unpowered buildings, or Contaminate may cause inaccurate times.
  • Supply counts are checked every 10 seconds.